 Dungeon Crawl Stone Soup version 0.31-a0-881-ge136f0c47a (webtiles) character file.

Game seed: 17437237615014037453

603 KarmaticGoose the Conjurer (level 7, -9/50 HPs)
             Began as a White Draconian Conjurer on Oct 15, 2023.
             Mangled by a hornet (11 damage)
             ... while paralysed by a hornet
             ... on level 6 of the Dungeon.
             The game lasted 00:15:17 (3089 turns).

KarmaticGoose the Conjurer (DrCj)                   Turns: 3089, Time: 00:15:19

Health: -9/50      AC:  6    Str:  9    XL:     7   Next: 18%
Magic:  6/12       EV:  2    Int: 21    God:
Gold:   65         SH:  0    Dex:  9    Spells: 3/13 levels left

rFire   . . .        a - +2 short sword (speed)
rCold   + . .        (no shield)
rNeg    . . .        (body armour unavailable)
rPois   .            (helmet restricted)
rElec   .            (no cloak)
rCorr   .            (no gloves)
SInv    .            (no boots)
Will    .....        (no amulet)
Stlth   ++           (no ring)
HPRegen 0.28/turn    (no ring)
MPRegen 0.13/turn

%: no passive effects
@: paralysed, slowed
A: breathe frost, AC +6, unfitting armour, cold resistance 1, cold-blooded
a: Breathe Frost


You were on level 6 of the Dungeon.
You visited 1 branch of the dungeon, and saw 5 of its levels.
You also visited: Ossuary.

You collected 65 gold pieces.

Inventory:

Hand Weapons
 a - a +2 short sword of speed (weapon)
Jewellery
 e - an amulet of regeneration
Scrolls
 c - 4 scrolls of teleportation
 f - a scroll of fear {unknown}
 i - a scroll of summoning {unknown}
 k - a scroll of enchant weapon {unknown}
 l - a scroll of immolation {unknown}
 m - a scroll of torment {unknown}
 o - a scroll of revelation {unknown}
Potions
 b - a potion of degeneration {unknown}
 d - a potion of attraction {unknown}
 g - 2 potions of mutation {unknown}
 j - 3 potions of brilliance
 n - a potion of heal wounds {unknown}
 p - a potion of haste {unknown}


   Skills:
 + Level 3.5 Dodging
 + Level 3.8 Stealth
 + Level 3.7 Spellcasting
 * Level 6.3 Conjurations


You had 3 spell levels left.
You knew the following spells:

 Your Spells              Type           Power      Damage    Failure   Level
a - Magic Dart            Conj           100%       1d8       1%          1
b - Searing Ray           Conj           60%        2d6       1%          2
c - Dazzling Flash        Conj/Hex       34%        N/A       10%         3
d - Fulminant Prism       Conj/Hex       8%         3d7       32%         4

Your spell library contained the following spells:

 Spells                   Type           Power      Damage    Failure   Level
 Mephitic Cloud           Conj/Pois/Air  12%        N/A       16%         3
 Poisonous Vapours        Pois/Air       6%         N/A       19%         2
 Iskenderun's Mystic Bla  Conj/Tloc      17%        2d5       32%         4
 Freezing Cloud           Conj/Ice/Air   6%         6-21      82%         5


Dungeon Overview and Level Annotations

Branches:
Dungeon (6/15)            Ossuary (visited)
 Temple: D:4-7

Altars:


Innate Abilities, Weirdness & Mutations

You can breathe waves of freezing cold which knock back foes.
Your icy white scales are hard. (AC +6)
You cannot fit into any form of body armour.
Your flesh is cold resistant. (rC+)
You are cold-blooded and may be slowed by cold attacks.


Message History

(Press . to maintain the ray.)
The searing ray hits the hornet!
The hornet is severely wounded.
You have got your breath back.
The hornet stings you!
You are poisoned.
You feel yourself slow down. The hornet closely misses you.
The searing ray hits the hornet.
The hornet is severely wounded.
You feel yourself speed up.
You feel very sick. The hornet stings you!
You feel yourself slow down. The hornet misses you.
The iguana hisses angrily.
The searing ray misses the hornet.
You finish channelling your searing ray.
You feel sick. The hornet stings you!
* * * LOW HITPOINT WARNING * * *
You are lethally poisoned!
You feel as though you will be slow longer.
The hornet stings you!
* * * LOW HITPOINT WARNING * * *
You are more poisoned.
You feel as though you will be slow longer.
You feel better. The hornet barely misses you.
The hornet stings you but does no damage.
The iguana bites you.
* * * LOW HITPOINT WARNING * * *
The hornet stings you.
* * * LOW HITPOINT WARNING * * *
You suddenly lose the ability to move!
The iguana bites you.
* * * LOW HITPOINT WARNING * * *
The hornet stings you but does no damage.
The hornet stings you.
* * * LOW HITPOINT WARNING * * *
You feel as though you will be slow longer.
The iguana bites you.
* * * LOW HITPOINT WARNING * * *
The hornet stings you!
You die...

.# .# ###########.#
............#
##..........#
#.l.........+
#.@y........#
#...........#
#...........#
#...........#
#...........#
..#...........#
.............>#######
....................#
.h..#.....###$#####.#


You could see a hornet and an iguana.

Vanquished Creatures
  Sigmund (D:3)
  Menkaure (Ossuary)
  A scorpion (D:3)
  An orc priest (D:3)
  A jelly (D:6)
  3 mummies (Ossuary)
  Robin (D:2)
  5 adders
  2 worms
  5 orcs (D:3)
  6 ball pythons
  2 endoplasms
  A giant cockroach (D:2)
  3 gnoll zombies (Ossuary)
  4 hobgoblins
  2 jackals (D:3)
  10 kobolds
  4 quokkas
  5 bats
  3 frilled lizards
  3 gnoll skeletons (Ossuary)
  10 goblins
  6 goblin skeletons (Ossuary)
  4 goblin zombies (Ossuary)
  4 hobgoblin skeletons (Ossuary)
  4 hobgoblin zombies (Ossuary)
  3 kobold skeletons (Ossuary)
  3 kobold zombies (Ossuary)
  4 orc skeletons (Ossuary)
  5 orc zombies (Ossuary)
  3 rats
  5 rat skeletons (Ossuary)
  6 rat zombies (Ossuary)
121 creatures vanquished.

Notes
Turn   | Place    | Note
-------+----------+-------------------------------------------
     0 | D:1      | KarmaticGoose the Draconian Conjurer began the quest for
                  | the Orb.
     0 | D:1      | Reached XP level 1. HP: 14/14 MP: 3/3
   165 | D:1      | Reached XP level 2. HP: 6/20 MP: 0/5
   267 | D:2      | Learned a level 2 spell: Searing Ray
   591 | D:2      | Reached XP level 3. HP: 26/26 MP: 3/6
   943 | D:2      | Noticed Robin
   965 | D:2      | Killed Robin
   966 | D:2      | Reached XP level 4. HP: 8/33 MP: 3/7
  1238 | D:2      | Learned a level 3 spell: Dazzling Flash
  1496 | D:3      | Reached skill level 5 in Conjurations
  1616 | D:3      | Reached XP level 5. HP: 38/38 MP: 5/9
  1932 | D:3      | Noticed Sigmund
  1956 | D:3      | Killed Sigmund
  1957 | D:3      | Reached XP level 6. HP: 33/45 MP: 3/10
  2336 | D:4      | Found a sand-covered staircase.
  2346 | Ossuary  | Entered an ossuary
  2490 | Ossuary  | Learned a level 4 spell: Fulminant Prism
  2703 | Ossuary  | Noticed Menkaure
  2749 | Ossuary  | Killed Menkaure
  2750 | Ossuary  | Reached skill level 6 in Conjurations
  2750 | Ossuary  | Your scales start taking on an icy white colour.
  2750 | Ossuary  | Reached XP level 7. HP: 26/50 MP: 2/12
  2750 | Ossuary  | Gained mutation: Your flesh is cold resistant. (rC+) [White
                  | Draconian growth]
  3062 | D:4      | You fall into a shaft and drop 2 floors!
  3069 | D:6      | Noticed a hornet
  3087 | D:6      | Paralysed by a hornet for 3 turns
  3089 | D:6      | HP: 2/50 [iguana (3)]
  3089 | D:6      | Mangled by a hornet

Illustrated notes

Levels and vault maps discovered:
D:1:      minmay_arrival_three_doors, layout_basic, minivault_27, st_stairs_5,
          serial_park_tiny_pond, hangedman_abyss_or_decor_lesser_grid,
          serial_park_tiny_pond
D:2:      layout_loops_ring, uniq_robin
D:3:      layout_basic, uniq_sigmund
D:4:      layout_cave_pools, grunt_dithmenos_smoke, chequers_ossuary_entry_cave,
          kennysheep_diamond
D:6:      layout_basic, minmay_microvault

Skill      XL: |  1  2  3  4  5  6 |
---------------+-------------------+-----
Stealth        | 2 3 |  3.8
Dodging        | 2 3 |  3.5
Conjurations   | 5 6 |  6.3
Spellcasting   | 3 |  3.7

Action                     |  1- 3 |  4- 6 |  7- 9 || total
---------------------------+-------+-------+-------++-------
  Melee: Unarmed           |   138 |       |       ||   138
         Tailslap          |     9 |    14 |     9 ||    32
         Punch             |     1 |     3 |     1 ||     5
         Short sword       |       |   124 |    34 ||   158
   Cast: Magic Dart        |    31 |    45 |    12 ||    88
         Searing Ray       |     7 |    12 |     3 ||    22
         Dazzling Flash    |       |     1 |       ||     1
Ability: Breathe Frost     |       |       |     1 ||     1
    Use: Potion            |     1 |     3 |     1 ||     5
         Scroll            |       |     4 |     3 ||     7
   Stab: Sleeping          |     2 |     1 |       ||     3
 Armour: Skin              |    84 |    61 |    23 ||   168
  Dodge: Dodged            |    93 |    70 |     9 ||   172

Table legend: (Time is in decaauts)
 A = Elapsed time spent in this place.
 B = Non-inter-level travel time spent in this place.
 C = Inter-level travel time spent in this place.
 D = Time resting spent in this place.
 E = Time spent auto-exploring this place.
 F = Levels seen in this place.
 G = Mean time per level.
                   A        B        C        D        E       F      G
               +--------+--------+--------+--------+--------+-----+--------+
         Total |   3036 |   2800 |    236 |    301 |   1262 |   6 |  506.0 |
       Dungeon |   2437 |   2201 |    236 |    266 |   1139 |   5 |  487.4 |
       Ossuary |    599 |    599 |      0 |     35 |    123 |   1 |  599.0 |
               +--------+--------+--------+--------+--------+-----+--------+

Top non-repeatable levels by time:
     D:3: 1048 daAuts
     D:2: 974 daAuts
 Ossuary: 599 daAuts
     D:1: 263 daAuts
     D:4: 123 daAuts
     D:6: 28 daAuts
